 Dungeon Crawl Stone Soup version 0.21.1-1-g345015f (webtiles) character file.

19 tidbits the Grave Robber (level 2, -1/20 HPs)
             Began as a Gnoll Necromancer on June 21, 2018.
             Slain by a kobold
             ... wielding a +0 whip of electrocution
              (2 damage)
             ... on level 3 of the Dungeon.
             The game lasted 00:02:46 (318 turns).

tidbits the Grave Robber (Gnoll Necromancer)         Turns: 318, Time: 00:02:47

Health: -1/20      AC:  2    Str: 10    XL:     2   Next: 75%
Magic:  1/7        EV: 14    Int: 17    God:
Gold:   65         SH:  0    Dex: 15    Spells: 8/10 levels left

rFire    + . .     SeeInvis .   m - +0 trident
rCold    . . .     Gourm    .   (no shield)
rNeg     . . .     Faith    .   e - +0 robe
rPois    .         Spirit   .   (no helmet)
rElec    .         Reflect  .   (no cloak)
rCorr    .         Harm     .   (no gloves)
MR       .....                  (no boots)
Stlth    +++.......             (no amulet)
HPRegen  0.06/turn              h - ring of protection from fire
MPRegen  0.10/turn              (no ring)

@: no status effects
A: distributed training, fangs 1, strong nose
a: no special abilities


You were on level 3 of the Dungeon.
You were not hungry.

You visited 1 branch of the dungeon, and saw 3 of its levels.

You collected 65 gold pieces.

Inventory:

Hand Weapons
 a - a +0 dagger
 f - a +0 short sword
 m - a +0 trident (weapon)
Armour
 e - a +0 robe (worn)
Jewellery
 h - a ring of protection from fire (left hand)
   (You found it on level 2 of the Dungeon)
Scrolls
 d - 2 scrolls of remove curse {unknown}
 g - a scroll of fog {unknown}
 i - a scroll of identify {unknown}
 j - a scroll of magic mapping {unknown}
 k - a scroll of enchant armour {unknown}
 l - a scroll of enchant weapon {unknown}
Books
 b - a book of Necromancy

   Spells                             Type                      Level
   a - Pain                           Necromancy                   1
   b - Animate Skeleton               Necromancy                   1
   c - Vampiric Draining              Necromancy                   3
   d - Regeneration                   Charms/Necromancy            3
   e - Animate Dead                   Necromancy                   4
   f - Borgnjor's Vile Clutch         Necromancy/Earth             5
Comestibles
 c - a ration


   Skills:
 + Level 0.5 Fighting
 + Level 0.5 Short Blades
 + Level 0.5 Long Blades
 + Level 0.5 Axes
 + Level 0.5 Maces & Flails
 + Level 0.5 Polearms
 + Level 0.5 Staves
 + Level 0.5 Slings
 + Level 0.5 Bows
 + Level 0.5 Crossbows
 + Level 0.5 Throwing
 + Level 0.5 Armour
 + Level 4.5 Dodging
 + Level 4.1 Stealth
 + Level 0.5 Shields
 + Level 0.5 Unarmed Combat
 + Level 4.9 Spellcasting
 + Level 0.3 Conjurations
 + Level 0.3 Hexes
 + Level 0.3 Charms
 + Level 0.3 Summonings
 + Level 7.0 Necromancy
 + Level 0.3 Translocations
 + Level 0.3 Transmutations
 + Level 0.3 Fire Magic
 + Level 0.3 Ice Magic
 + Level 0.3 Air Magic
 + Level 0.3 Earth Magic
 + Level 0.3 Poison Magic
 + Level 0.6 Invocations
 + Level 0.5 Evocations


You had 8 spell levels left.
You knew the following spells:

 Your Spells              Type           Power        Failure   Level  Hunger
a - Pain                  Necr           ####         1%          1    None
n - Animate Skeleton      Necr           N/A          1%          1    None


Dungeon Overview and Level Annotations

Branches:
Dungeon (3/15)

Altars:


Innate Abilities, Weirdness & Mutations

Your experience applies equally to all skills.
You have very sharp teeth.
Your uncanny sense of smell can sniff out nearby items.


Message History

There is a stone staircase leading down here.
You climb downwards.
A rat comes into view.
There is a stone staircase leading up here.
The helpless rat fails to defend itself.
You puncture the rat!
You kill the rat!
A leopard gecko comes into view.
Found a scroll labeled GOGEQE XESTOPP.
Found a scroll labeled FYMIVIVVAXT.
You see here a scroll labeled GOGEQE XESTOPP.
k - a scroll labeled GOGEQE XESTOPP You see here a scroll labeled FYMIVIVVAXT.
l - a scroll labeled FYMIVIVVAXT
Found a trident.
You see here a trident.
m - a trident A rat comes into view.
The rat moves out of view.
Found 6 gold pieces.
Casting: Pain
Confirm with . or Enter, or press ? or * to list all spells.
Aiming: Pain
Press: ? - help, Shift-Dir - straight line, f - rat
Aim: a rat (chance to defeat MR: 93%)
The rat writhes in agony!
You kill the rat!
The leopard gecko hisses angrily.
A goblin and a kobold come into view.
The kobold is wielding a whip of electrocution.
Found a short sword.
Casting: Pain
Confirm with . or Enter, or press ? or * to list all spells.
Aiming: Pain
Press: ? - help, Shift-Dir - straight line, f - goblin
Aim: a goblin (resting, chance to defeat MR: 93%)
The goblin shouts!
The goblin writhes in agony!
The kobold shouts!
The kobold throws a stone.
The stone hits you.
* * * LOW HITPOINT WARNING * * *
The goblin wields a hunting sling.
The goblin shoots a stone.
The stone hits you but does no damage.
The leopard gecko hisses menacingly.
The leopard gecko misses you.
Casting: Pain
Confirm with . or Enter, or press ? or * to list all spells.
Aiming: Pain
Press: ? - help, Shift-Dir - straight line, f - leopard gecko
Aim: a leopard gecko (clinging, chance to defeat MR: 93%)
The leopard gecko writhes in agony!
The leopard gecko closely misses you.
Casting: Pain
Confirm with . or Enter, or press ? or * to list all spells.
Aiming: Pain
Press: ? - help, Shift-Dir - straight line, f/p - leopard gecko
Aim: a leopard gecko (severely wounded, clinging, chance to defeat MR: 93%)
The leopard gecko barely resists.
The leopard gecko bites you.
* * * LOW HITPOINT WARNING * * *
Casting: Pain
Confirm with . or Enter, or press ? or * to list all spells.
Aiming: Pain
Press: ? - help, Shift-Dir - straight line, f/p - leopard gecko
Aim: a leopard gecko (severely wounded, clinging, chance to defeat MR: 93%)
The leopard gecko writhes in agony!
You kill the leopard gecko!
The goblin shoots a stone.
The stone misses you.
Casting: Pain
Confirm with . or Enter, or press ? or * to list all spells.
Aiming: Pain
Press: ? - help, Shift-Dir - straight line, f - goblin
Aim: a goblin, wielding a hunting sling (moderately wounded, chance to defeat MR: 93%)
The goblin writhes in agony!
You kill the goblin!
A goblin comes into view. It is wielding a dagger.
The goblin shouts!
You hear an angry hiss.
The kobold throws a stone.
The stone closely misses you.
You hear an angry hiss.
Casting: Pain
Confirm with . or Enter, or press ? or * to list all spells.
Aiming: Pain
Press: ? - help, Shift-Dir - straight line, f - kobold
Aim: a kobold, wielding a whip of electrocution (chance to defeat MR: 93%)
The kobold writhes in agony!
Casting: Pain
Confirm with . or Enter, or press ? or * to list all spells.
Aiming: Pain
Press: ? - help, Shift-Dir - straight line, f/p - kobold
Aim: a kobold, wielding a whip of electrocution (severely wounded, chance to defeat MR: 93%)
The kobold barely resists.
The kobold throws a stone.
The stone closely misses you.
You aren't carrying any potions.
Wield which item (- for none, * to show all)? (? for menu, Esc to quit)
m - a +0 trident (weapon)
Attack whom?
Press: ? - help, Dir - move target cursor, f/p - kobold
Aim: a kobold, wielding a whip of electrocution (severely wounded)
You reach to attack!
You closely miss the kobold.
The kobold is severely wounded.
The kobold hits you with a whip of electrocution.
You die...

..... ##### g.#..
.......... ..#...#..
#.##....)K.. #...)###
##.##g.# #####.#
#......#K####....
#....#.#.@.#..########
#....
#.###(........... #...
.#.###.#.......$.# #.#
..........###### ∆
....#.###..### ##
####....# ##...# ##..
.######.......##
###.### ...
.......<.......#
#...##.#
.#######.......#
###....##


You could see a goblin and a kobold.

Vanquished Creatures
  A dart slug (D:1)
  A leopard gecko (D:3)
  A bat (D:1)
  3 goblins
  4 hobgoblins
  2 kobolds (D:1)
  3 rats
15 creatures vanquished.

Notes
Turn   | Place    | Note
-------+----------+-------------------------------------------
     0 | D:1      | tidbits the Gnoll Necromancer began the quest for the Orb.
     0 | D:1      | Reached XP level 1. HP: 13/13 MP: 6/6
    44 | D:1      | Reached XP level 2. HP: 6/19 MP: 0/7
    47 | D:1      | Learned a level 1 spell: Animate Skeleton
   318 | D:3      | Slain by a kobold

Action                   || total
-------------------------++-------
Melee: Unarmed           ||     6
       Dagger            ||     1
       Trident           ||     1
 Cast: Pain              ||    27
 Stab: Sleeping          ||     1
Armor: Robe              ||     3
Dodge: Dodged            ||    11

Table legend:
 A = Turns spent in this place as a percentage of turns spent in the entire game.
 B = Non-inter-level travel turns spent in this place as a percentage of non-inter-level travel turns spent in the entire game.
 C = Inter-level travel turns spent in this place as a percentage of turns spent in this place.
 D = Turns resting spent in this place as a percentage of non-inter-level travel turns spent in this place.
 E = Turns spent auto-exploring this place as a percentage of non-inter-level travel turns spent in this place.
 F = Non-inter-level travel turns spent in this place divided by the number of levels of this place that you've seen.
                   A       B       C       D       E      F
               +-------+-------+-------+-------+-------+----------------------
         Total | 100.0 | 100.0 |   0.0 |   0.0 |   0.0 | 106.0
       Dungeon | 100.0 | 100.0 |   0.0 |   0.0 |   0.0 | 106.0
               +-------+-------+-------+-------+-------+----------------------

Table legend:
 A = Kills in this place as a percentage of kills in entire the game.
 B = Kills by you in this place as a percentage of kills by you in the entire game.
 C = Kills by friends in this place as a percentage of kills by friends in the entire game.
 D = Other kills in this place as a percentage of other kills in the entire game.
 E = Experience gained in this place as a percentage of experience gained in the entire game.
 F = Experience gained in this place divided by the number of levels of this place that you have seen.
                   A       B       C       D       E      F
               +-------+-------+-------+-------+-------+----------------------
         Total | 100.0 | 100.0 |   N/A |   N/A | 100.0 |   9.3
       Dungeon | 100.0 | 100.0 |   N/A |   N/A | 100.0 |   9.3
               +-------+-------+-------+-------+-------+----------------------

Vault maps used:
D:1:      elethiomel_arrival_infinity_welcomes_careful_drivers
D:3:      lemuel_coloured_pillars_altar, eat_drink_and_be_merry_uskayaw,
          minmay_misc_feat_nine_boxes, minmay_surrounded, uniq_terence,
          uniq_jessica
